Map: Lightshade LE

Players

MarineLorD

  • Race: Terran Terran
  • League: Master

MaxPax - Winner!

  • Race: Protoss Protoss

Event: DreamHack SC2 Masters 2021 Winter

VOD

Have the link to the VOD?

Description

Time

  • Played on: Oct. 16, 2021, 9:22 a.m.
  • Length: 8:41

All games in this series

Show
View Real Time Build Order
Export as new Build Order

MarineLorD Terran 

Build Orders:  

Get SALT Encoding   

  12  0:00  SCV  
  13  0:12  SCV  
  14  0:16  Supply Depot  
  14  0:24  SCV  
  15  0:38  SCV  
  15  0:39  Barracks  
  15  0:42  Refinery  
  16  0:50  SCV  
  17  1:02  SCV  
  18  1:14  SCV  
  19  1:26  Marine  
  19  1:27  Orbital Command  
  20  1:44  Reaper  
  21  1:48  Command Center  
  21  1:55  Supply Depot  
  21  2:04  Bunker  
  21  2:05  SCV  
  22  2:16  Factory  
  22  2:19  Barracks Reactor  
  22  2:23  SCV  
  23  2:32  Bunker  
  23  2:35  SCV  
  24  2:38  Refinery  
  24  2:47  SCV  
  25  2:59  SCV  
  25  3:00  Marine x2  
  25  3:01  Widow Mine  
  25  3:04  Orbital Command  
  30  3:09  Starport  
  30  3:13  SCV  
  30  3:17  Marine  
  30  3:18  Marine  
  33  3:23  Widow Mine  
  33  3:25  Orbital Command  
  35  3:29  SCV  
  35  3:35  Marine x2  
  37  3:41  SCV  
  37  3:45  Widow Mine  
  37  3:46  Medivac  
  42  3:50  Supply Depot  
  42  3:54  SCV  
  43  3:56  Armory  
  43  3:58  SCV  
  44  4:05  Marine x2  
  46  4:11  SCV x2  
  47  4:19  Factory Tech Lab, Starport Tech Lab  
  47  4:21  Supply Depot  
  47  4:23  SCV  
  48  4:25  SCV  
  49  4:34  Supply Depot, Barracks  
  49  4:38  Marine x2  
  49  4:40  SCV  
  49  4:43  SCV  
  53  4:48  Siege Tank  
  56  4:55  SCV  
  56  4:56  Marine x2  
  59  5:01  SCV  
  59  5:06  Raven  
  62  5:07  SCV  
  62  5:09  Engineering Bay  
  62  5:10  Barracks  
  62  5:13  SCV  
  62  5:14  Marine x2  
  62  5:17  Refinery  
  62  5:19  Refinery  
  62  5:21  Supply Depot  
  64  5:27  SCV  
  64  5:28  SCV  
  66  5:31  Marine  
  66  5:32  Supply Depot x2  
  66  5:36  Siege Tank  
  66  5:39  SCV  
  70  5:43  SCV  
  70  5:44  Terran Infantry Weapons Level 1  
  70  5:45  Marine  
  70  5:47  Marine  
  73  5:51  SCV  
  73  5:55  SCV  
  75  6:00  Supply Depot, Marine  
  75  6:01  Stimpack  
  75  6:03  SCV, Barracks Tech Lab  
  76  6:07  SCV  
  76  6:08  Siege Tank  
  80  6:12  Starport Reactor  
  80  6:17  Marine x2  
  83  6:23  Marauder  
  83  6:25  Barracks  
  84  6:26  Combat Shield, Barracks  
  84  6:31  Marauder  
  86  6:32  Supply Depot  
  86  6:38  SCV  
  85  6:42  Marine  
  85  6:45  Marauder  
  83  6:51  SCV x2, Marine  
  83  6:52  Marauder  
  86  6:59  Medivac  
  86  7:00  Medivac  
  90  7:03  SCV  
  90  7:04  Marine  
  90  7:05  Siege Tank, Marine  
  90  7:08  Supply Depot  
  96  7:16  Marauder, Supply Depot  
  96  7:19  Barracks Reactor  
  96  7:20  Barracks Tech Lab  
  98  7:24  Marauder  
  98  7:26  Marine x2  
  100  7:38  Marauder  
  100  7:39  Marauder  
  100  7:42  Medivac  
  105  7:45  Marauder  
  105  7:50  Marine x2  
  108  7:54  Supply Depot  
  108  7:55  Supply Depot  
  105  7:59  Marauder  
  105  8:01  Marauder  
  105  8:02  Marine  
  105  8:05  SCV  
  103  8:06  Marine  
  103  8:08  Marine  
  103  8:12  Marine  
  96  8:19  Marine  
Show
View Real Time Build Order
Export as new Build Order

MaxPax Protoss - Winner!

Build Orders: 1 Gate Expand, Blink Stalkers 

Get SALT Encoding   

  12  0:00  Probe  
  13  0:12  Probe  
  14  0:18  Pylon  
  14  0:24  Probe  
  15  0:33  Pylon  
  15  0:36  Probe  
  16  0:48  Probe  
  17  0:52  Gateway  
  17  0:57  Assimilator  
  17  1:00  Probe  
  18  1:13  Probe  
  19  1:31  Nexus  
  19  1:40  Cybernetics Core  
  19  1:42  Probe  
  20  1:47  Assimilator  
  20  1:54  Probe  
  20  1:58  Zealot (Chrono Boost)  
  23  2:06  Probe  
  24  2:17  Shield Battery  
  24  2:19  Probe  
  24  2:22  Stalker (Chrono Boost)  
  25  2:23  Warp Gate (Chrono Boost)  
  27  2:31  Probe  
  28  2:40  Pylon  
  28  2:43  Probe  
  29  2:46  Probe  
  29  2:52  Stalker  
  29  2:56  Probe  
  29  2:58  Probe  
  33  3:07  Twilight Council  
  33  3:08  Probe (Chrono Boost)  
  34  3:13  Probe (Chrono Boost)  
  36  3:20  Probe (Chrono Boost)  
  36  3:22  Shield Battery  
  36  3:24  Probe (Chrono Boost)  
  36  3:27  Probe (Chrono Boost)  
  37  3:28  Probe (Chrono Boost)  
  39  3:35  Probe  
  39  3:38  Gateway  
  39  3:39  Probe  
  41  3:41  Blink (Chrono Boost)  
  41  3:47  Probe  
  42  3:51  Probe  
  42  3:54  Robotics Facility  
  43  3:59  Probe  
  42  4:06  Probe  
  43  4:11  Probe  
  43  4:16  Stalker  
  46  4:18  Probe  
  46  4:19  Pylon  
  47  4:25  Probe  
  49  4:31  Nexus, Probe  
  49  4:33  Pylon  
  49  4:34  Stalker  
  51  4:40  Probe  
  51  4:43  Pylon  
  51  4:49  Probe  
  51  4:52  Observer (Chrono Boost)  
  53  4:57  Stalker, Probe  
  53  4:58  Stalker  
  57  5:12  Gateway  
  57  5:14  Gateway  
  56  5:20  Probe x2  
  58  5:23  Warp Prism (Chrono Boost)  
  58  5:28  Pylon  
  60  5:36  Stalker x2  
  60  5:38  Probe  
  60  5:40  Probe  
  66  5:44  Probe  
  66  5:46  Charge (Chrono Boost)  
  66  5:48  Gateway  
  67  5:54  Gateway, Probe  
  67  5:57  Probe  
  67  6:03  Observer (Chrono Boost)  
  68  6:07  Probe x2  
  68  6:08  Gateway x2  
  68  6:10  Probe  
  71  6:19  Stalker x3  
  71  6:24  Probe  
  71  6:25  Probe  
  79  6:29  Gateway  
  79  6:30  Gateway, Pylon  
  77  6:51  Immortal (Chrono Boost)  
  75  6:57  Zealot x6, Assimilator x2  
  75  6:58  Pylon  
  75  7:01  Probe x3  
  94  7:04  Sentry  
  94  7:05  Zealot  
  97  7:20  Probe x2, Forge  
  97  7:21  Probe  
  100  7:23  Pylon  
  100  7:25  Zealot  
  100  7:26  Zealot x3  
  108  7:31  Observer  
  108  7:32  Pylon x2  
  109  7:40  Zealot x4  
  117  7:51  Zealot x5  
  123  8:05  Zealot x5  
  117  8:15  Zealot x5  
  113  8:26  Observer (Chrono Boost)  
  100  8:29  Zealot x5  
  100  8:33  Templar Archives  

Tags
 
Add a new tag
Caveats
  • Supply blocks, unpowered buildings, or Contaminate may cause inaccurate times.
  • Supply counts are checked every 10 seconds.